[Event "Titled Tuesday Blitz January 17 Late 2023"]
[White "Mazurkiewicz, Michal"]
[Black "Ward, Ieuan C"]
[WhiteFideId "1124943"]
[BlackFideId "406627"]
[WhiteElo "2145"]
[BlackElo "2028"]
[Result "1-0"]
[Round "06"]
[TimeControl "180+2"]
[Date "2023.01.17"]
[WhiteClock "0:00:16"]
[BlackClock "0:00:03"]

1. e4 d5 2. exd5 Qxd5 3. d3 b6 4. Nc3 Qd8 5. g3 Bb7 6. Nf3 Nf6 7. Bg2 e6 8. O-O Be7 9. Re1 O-O 10. Bf4 Nbd7 11. a4 Nd5 12. Nxd5 Bxd5 13. a5 bxa5 14. Bd2 Rb8 15. b3 Bb4 16. Bxb4 axb4 17. Rxa7 Nf6 18. Qd2 c5 19. Qf4 Ra8 20. Rea1 Qb6 21. Rxa8 Rxa8 22. Rxa8+ Bxa8 23. h3 h6 24. g4 Bd5 25. Ne5 Bxg2 26. Kxg2 Qb7+ 27. Qf3 Qxf3+ 28. Kxf3 Kf8 29. h4 Ke7 30. g5 hxg5 31. hxg5 Nd5 32. d4 cxd4 33. Ke4 f6 34. gxf6+ gxf6 35. Nc6+ Kd6 36. Nxd4 f5+ 37. Kd3 Nf4+ 38. Kc4 Nh3 39. f3 f4 40. Kxb4 e5 41. Nf5+ Ke6 42. Nh4 Kd5 43. c4+ Kd4 44. c5 Ng5 45. c6 Ne6 46. Kb5 Kd5 47. Kb6 Kd6 48. b4 Ke7 49. Nf5+ Kd8 50. Kb7 Nc7 51. Nd6 1-0


[Site "https://www.chess.com"]

[Event "Titled Tuesday Blitz January 17 Late 2023"]
[White "Cepo, Toni"]
[Black "Balague Camps, Marc"]
[WhiteFideId "4675916"]
[BlackFideId "2297914"]
[WhiteElo "2145"]
[BlackElo "2190"]
[Result "0-1"]
[Round "06"]
[TimeControl "180+2"]
[Date "2023.01.17"]
[WhiteClock "0:00:14"]
[BlackClock "0:01:11"]

1. e4 c5 2. Nf3 e6 3. d4 cxd4 4. Nxd4 Nc6 5. Nc3 Qc7 6. Be2 Nf6 7. O-O Bd6 8. h3 Nxd4 9. Qxd4 Be5 10. Qb4 a5 11. Qa3 Bxc3 12. bxc3 Nxe4 13. c4 b6 14. Bf3 Bb7 15. Bb2 Nc5 16. Bxg7 Rg8 17. Bh6 Rg6 18. Bd2 Ne4 19. Bxe4 Bxe4 20. f3 Qg3 21. Rf2 Rc8 22. Qc3 Bd5 23. Qe3 Rxc4 24. c3 Rh4 25. c4 Qxh3 26. Rff1 Qh2+ 0-1


[Site "https://www.chess.com"]

[Event "Titled Tuesday Blitz January 17 Late 2023"]
[White "ritanovikova"]
[Black "Dylag, Emilia"]
[BlackFideId "21805172"]
[WhiteElo "2148"]
[BlackElo "2095"]
[Result "1-0"]
[Round "06"]
[TimeControl "180+2"]
[Date "2023.01.17"]
[WhiteClock "0:00:08"]
[BlackClock "0:00:02"]

1. d4 Nf6 2. Bf4 g6 3. Nf3 d6 4. h3 Bg7 5. e3 O-O 6. Be2 Nfd7 7. O-O c6 8. c3 Qe8 9. e4 e5 10. dxe5 dxe5 11. Bg3 h6 12. Qd6 f5 13. Bc4+ Kh7 14. exf5 gxf5 15. Re1 e4 16. Bf4 Rf6 17. Qd2 b5 18. Bb3 Na6 19. Na3 Nac5 20. Bc2 Qf7 21. Nd4 Bb7 22. b4 Ne6 23. Bb3 Re8 24. Nxe6 Rfxe6 25. Bxe6 Rxe6 26. Rad1 Nb6 27. Be3 Nd5 28. Bd4 Rg6 29. Kh1 f4 30. Bxg7 f3 31. Rg1 Qxg7 32. g3 Qd7 33. Kh2 Bc8 34. g4 Qc7+ 35. Rg3 Re6 36. Nc2 e3 37. Nxe3 Nxe3 38. fxe3 Qe5 39. Qf2 Rf6 40. Kg1 Be6 41. Rxf3 Rxf3 42. Qxf3 Qxc3 43. Qf4 Qc2 44. Rf1 Bd5 45. Qf5+ Qxf5 46. Rxf5 Bxa2 47. Rf6 Bd5 48. Rd6 Kg7 49. Rd7+ Kf6 50. Rxa7 Ke5 51. Kf2 Kd6 52. Rh7 c5 53. Rxh6+ Ke5 54. bxc5 b4 55. Rb6 b3 56. h4 b2 57. Rxb2 1-0


[Site "https://www.chess.com"]

[Event "Titled Tuesday Blitz January 17 Late 2023"]
[White "Malka, Samuel"]
[Black "Guevara Sanchez, Erick Marvin"]
[WhiteFideId "20643675"]
[BlackFideId "6700136"]
[WhiteElo "2165"]
[BlackElo "2073"]
[Result "1-0"]
[Round "06"]
[TimeControl "180+2"]
[Date "2023.01.17"]
[WhiteClock "0:00:13"]
[BlackClock "0:00:02"]

1. d4 d5 2. c4 e6 3. Nf3 Nf6 4. g3 c5 5. cxd5 exd5 6. Bg2 Nc6 7. O-O Be7 8. dxc5 Bxc5 9. a3 O-O 10. b4 Bb6 11. Nc3 d4 12. Na4 Bc7 13. Bb2 Bg4 14. Nxd4 Nxd4 15. Qxd4 Bxe2 16. Rfe1 Bb5 17. Nc5 Bc6 18. Nxb7 Qxd4 19. Bxd4 Bxg2 20. Kxg2 Rab8 21. Nc5 Bb6 22. Bxf6 Bxc5 23. bxc5 gxf6 24. Re7 Rfc8 25. Rc1 Rc6 26. Rxa7 Rb5 27. Rd1 Rb8 28. Rdd7 Rf8 29. Rd5 Rfc8 30. Ra5 Kg7 31. Kf3 Kg6 32. h4 h6 33. Kf4 Re6 34. Rd6 Re5 35. Raa6 Rf5+ 36. Ke3 Rcxc5 37. f4 Rc3+ 38. Ke4 Rc4+ 39. Kf3 Rc3+ 40. Kg2 h5 41. a4 Rcc5 42. Ra8 Ra5 43. Rda6 Rxa6 44. Rxa6 Rd5 45. Ra8 Kf5 46. a5 Rd2+ 47. Kh3 Ra2 48. Rh8 Kg6 49. Rg8+ Kh7 50. Ra8 Kg7 51. a6 f5 52. a7 Kh7 53. Re8 Kg7 54. Re5 Rxa7 55. Rxf5 Kg6 56. Rg5+ Kh6 57. Rg8 Ra2 58. Rg5 f6 59. Rg8 Rb2 60. Rf8 Kg6 61. Rh8 Ra2 62. f5+ Kxf5 63. Rxh5+ Kg6 64. Rb5 f5 65. Rb6+ 1-0


[Site "https://www.chess.com"]

[Event "Titled Tuesday Blitz January 17 Late 2023"]
[White "Ferriz Barrios, Andres"]
[Black "Gavilan Diaz, Mario"]
[WhiteFideId "5104467"]
[BlackFideId "2260905"]
[WhiteElo "2102"]
[BlackElo "2271"]
[Result "0-1"]
[Round "06"]
[TimeControl "180+2"]
[Date "2023.01.17"]
[WhiteClock "0:01:57"]
[BlackClock "0:01:22"]

1. d4 Nf6 2. Nf3 c5 3. e3 g6 4. Nbd2 Bg7 5. g3 b6 6. Bg2 Bb7 7. O-O O-O 8. Re1 d6 9. b3 Nbd7 10. Bb2 e5 11. c4 e4 12. Ng5 Re8 13. d5 h6 14. Nh3 g5 15. Qc2 Qe7 16. f4 exf3 17. Nf4 fxg2 18. Nxg2 Ne5 19. h4 Bc8 20. hxg5 hxg5 21. Rf1 Neg4 22. Rae1 Ne4 23. Bxg7 Kxg7 24. Nf3 Nxg3 25. Nd4 Nxf1 26. Rxf1 cxd4 0-1


[Site "https://www.chess.com"]

[Event "Titled Tuesday Blitz January 17 Late 2023"]
[White "Aguilar, Juan"]
[Black "Castellanos Hernandez, Emilio Au"]
[WhiteFideId "3800091"]
[BlackFideId "5114179"]
[WhiteElo "2254"]
[BlackElo "1964"]
[Result "1/2-1/2"]
[Round "06"]
[TimeControl "180+2"]
[Date "2023.01.17"]
[WhiteClock "0:00:03"]
[BlackClock "0:00:12"]

1. g3 d5 2. Bg2 c6 3. d3 e5 4. Nf3 Bd6 5. O-O Ne7 6. e4 d4 7. Nbd2 b5 8. a4 O-O 9. axb5 cxb5 10. c3 Nbc6 11. cxd4 exd4 12. Nb3 Bc7 13. Bd2 Rb8 14. Qe2 f6 15. Rfc1 Bb7 16. Nc5 Qd6 17. Bf4 Ne5 18. Rxa7 Bc6 19. Rxc7 Qxc7 20. Ne6 Qd6 21. Nxf8 Rxf8 22. Qc2 Bd7 23. Bxe5 fxe5 24. Qc5 Qxc5 25. Rxc5 Ng6 26. Nxe5 Nxe5 27. Rxe5 Rc8 28. h4 Rc1+ 29. Kh2 Rc2 30. Re7 Bg4 31. Bh3 Bf3 32. Be6+ Kf8 33. Rf7+ Ke8 34. Rxf3 Rxb2 35. Kh3 Ke7 36. Bd5 b4 37. Rf7+ Kd6 38. f4 Rd2 39. Bc4 b3 40. Bxb3 Rxd3 41. Bd5 Rc3 42. Rxg7 d3 43. Rxh7 d2 44. e5+ Kc5 45. Rc7+ Kd4 46. Rxc3 d1=Q 47. Rc8 Qf1+ 48. Bg2 Qa6 49. Rd8+ Ke3 50. Rd6 Qc8+ 51. Kh2 Qc2 52. e6 Qc7 53. Rd7 Qc8 54. Rf7 Qxe6 55. Ra7 Kf2 56. Ra3 Qd6 57. Rf3+ Ke1 58. Kh3 Qf6 59. f5 Ke2 60. Kg4 Qg7+ 61. Kf4 Qd4+ 62. Kg5 Qg1 63. Rf4 Qxg2 64. Rg4 Qd5 65. Kg6 Qg8+ 66. Kh5 Qh7+ 67. Kg5 Kf3 68. Rf4+ Kxg3 69. Rg4+ Kf3 70. Rf4+ Ke3 71. f6 Qg8+ 72. Kf5 Qc8+ 73. Kg5 Qg8+ 74. Kf5 Qd5+ 75. Kg4 Qg2+ 76. Kf5 Qh3+ 77. Kg5 Qg3+ 78. Rg4 Qe5+ 79. Kg6 Kf3 80. Rg5 Qe8+ 81. f7 Qf8 82. Rf5+ Kg4 83. Rf6 Kxh4 84. Re6 Qh8 85. Re8 Qh5+ 86. Kf6 Qf3+ 87. Kg7 Qg4+ 88. Kf6 Qf4+ 89. Kg7 Qg5+ 90. Kh8 Qh6+ 91. Kg8 Qg6+ 92. Kf8 Qd6+ 93. Kg8 Qg6+ 94. Kf8 Qd6+ 95. Kg8 Qg6+ 1/2-1/2


[Site "https://www.chess.com"]

[Event "Titled Tuesday Blitz January 17 Late 2023"]
[White "Ortega Ruiz, Jose Miguel"]
[Black "Floresvillar Gonzalez, Luis Migu"]
[WhiteFideId "2209713"]
[BlackFideId "5100542"]
[WhiteElo "2351"]
[BlackElo "2043"]
[Result "0-1"]
[Round "06"]
[TimeControl "180+2"]
[Date "2023.01.17"]
[WhiteClock "0:01:06"]
[BlackClock "0:02:10"]

1. e4 c6 2. d4 d5 3. Nc3 dxe4 4. Nxe4 Bf5 5. Ng3 Bg6 6. N1e2 Nd7 7. Nf4 e5 8. dxe5 Qa5+ 9. Bd2 Qxe5+ 10. Nfe2 Ngf6 11. Bc3 Qd6 12. Qc1 O-O-O 13. Qe3 Kb8 14. Rd1 Qc7 15. Be5 Nxe5 16. Rxd8+ Qxd8 17. Qxe5+ Bd6 18. Qc3 Qb6 19. Qb3 Qa5+ 20. Kd1 Rd8 21. Kc1 Qe1# 0-1


[Site "https://www.chess.com"]

[Event "Titled Tuesday Blitz January 17 Late 2023"]
[White "Rose, Felix"]
[Black "Szyszylo, Rafal"]
[WhiteFideId "5105722"]
[BlackFideId "1109626"]
[WhiteElo "2091"]
[BlackElo "2091"]
[Result "0-1"]
[Round "06"]
[TimeControl "180+2"]
[Date "2023.01.17"]
[WhiteClock "0:00:12"]
[BlackClock "0:00:18"]

1. d4 g6 2. e4 d6 3. Nf3 Nf6 4. Nc3 Bg7 5. h3 O-O 6. Be3 Nbd7 7. e5 Ne8 8. Qd2 c5 9. O-O-O cxd4 10. Bxd4 dxe5 11. Bxe5 Nef6 12. Bxf6 Bxf6 13. Bb5 Qa5 14. Bxd7 Rd8 15. Nd5 Qxa2 16. Nxf6+ exf6 17. Qd5 Qa1+ 18. Kd2 Qxb2 19. Rhe1 Bxd7 20. Ke3 Qxc2 21. Qxb7 Qc5+ 22. Kf4 Bc6 23. Rxd8+ Rxd8 24. Qe7 Qf5+ 25. Kg3 Re8 26. Qb4 Rxe1 27. Qxe1 Bxf3 28. Qe8+ Kg7 29. gxf3 Qe5+ 30. f4 Qxe8 0-1


[Site "https://www.chess.com"]

[Event "Titled Tuesday Blitz January 17 Late 2023"]
[White "Novikova, Galina"]
[Black "Almedina Ortiz, Edgardo J."]
[WhiteFideId "4157095"]
[BlackFideId "3100197"]
[WhiteElo "2073"]
[BlackElo "2156"]
[Result "0-1"]
[Round "06"]
[TimeControl "180+2"]
[Date "2023.01.17"]
[WhiteClock "0:01:30"]
[BlackClock "0:00:45"]

1. e4 c5 2. Nf3 e6 3. b4 cxb4 4. a3 d5 5. e5 Nc6 6. axb4 Bxb4 7. c3 Ba5 8. d4 Nge7 9. Bd3 h6 10. O-O O-O 11. Bc2 f5 12. exf6 Rxf6 13. Qd3 Ng6 14. Ne5 Ncxe5 15. dxe5 Nxe5 16. Qh7+ Kf7 17. Ra4 Bd7 18. Ra2 Bb6 19. Bd1 Bb5 20. Bh5+ Ng6 21. Be3 Bxe3 22. Bxg6+ Rxg6 23. fxe3+ Bxf1 24. Rf2+ Rf6 25. Rxf1 Rxf1+ 26. Kxf1 Qf6+ 27. Kg1 Qg6 0-1


[Site "https://www.chess.com"]

[Event "Titled Tuesday Blitz January 17 Late 2023"]
[White "Davidson, Kevin"]
[Black "Fajdetic, Hrvoje"]
[WhiteFideId "2056810"]
[BlackFideId "14501945"]
[WhiteElo "2154"]
[BlackElo "2151"]
[Result "1-0"]
[Round "06"]
[TimeControl "180+2"]
[Date "2023.01.17"]
[WhiteClock "0:00:01"]
[BlackClock "0:00:01"]

1. e4 c5 2. Nf3 a6 3. c4 Nc6 4. d4 cxd4 5. Nxd4 g6 6. Nc3 Bg7 7. Be3 d6 8. Be2 Nf6 9. f3 O-O 10. O-O Nxd4 11. Bxd4 Be6 12. Qd2 Rc8 13. b3 Nd7 14. Bxg7 Kxg7 15. Rac1 Qa5 16. Rfd1 Rc6 17. Qd4+ f6 18. Nd5 Bxd5 19. exd5 Rc7 20. Qe3 Qc5 21. Kf2 f5 22. f4 a5 23. Qxc5 Nxc5 24. Bf3 Rfc8 25. Ke3 Na6 26. Kd4 b5 27. Be2 b4 28. Bf3 Nc5 29. Re1 a4 30. Re3 Kf7 31. Rce1 Ra8 32. h3 axb3 33. axb3 Ra3 34. Bd1 Ra1 35. g4 Rb1 36. gxf5 Ra7 37. fxg6+ hxg6 38. f5 Rba1 39. fxg6+ Kxg6 40. Rg3+ Kh7 41. Bc2+ Kh8 42. Rxa1 Rxa1 43. Re3 Rc1 44. Bd3 Nxb3+ 45. Ke4 Nd2+ 46. Kf4 1-0


[Site "https://www.chess.com"]

[Event "Titled Tuesday Blitz January 17 Late 2023"]
[White "Batista, Renato Luiz"]
[Black "Liu, Casper"]
[WhiteFideId "2106540"]
[BlackFideId "1454153"]
[WhiteElo "2174"]
[BlackElo "2278"]
[Result "1-0"]
[Round "06"]
[TimeControl "180+2"]
[Date "2023.01.17"]
[WhiteClock "0:00:22"]
[BlackClock "0:01:59"]

1. e4 e5 2. Nf3 Nc6 3. Bb5 a6 4. Ba4 Nf6 5. O-O b5 6. Bb3 Be7 7. Re1 d6 8. h3 O-O 9. c3 Na5 10. Bc2 c5 11. d3 Be6 12. Nbd2 h6 13. Nf1 Nh5 14. Nxe5 dxe5 15. Qxh5 f5 16. exf5 Rxf5 17. Qe2 Bd6 18. Ng3 Rf7 19. Ne4 Be7 20. Be3 Bd5 21. Nxc5 Qc8 22. Ne4 Qe6 23. a4 b4 24. Qg4 Qc6 25. c4 Bxe4 26. Qxe4 Qxe4 27. dxe4 Nxc4 28. Bb3 Nxe3 29. Rxe3 Rc8 30. Rf3 Bf6 31. Rd1 Kf8 32. Bxf7 Kxf7 33. Rb3 a5 34. Rd5 Rc1+ 35. Kh2 Bd8 36. Rxd8 1-0


[Site "https://www.chess.com"]

[Event "Titled Tuesday Blitz January 17 Late 2023"]
[White "Quinones Garcia, Santiago"]
[Black "Michalski, Olaf"]
[WhiteFideId "4408497"]
[BlackFideId "1106740"]
[WhiteElo "2248"]
[BlackElo "2273"]
[Result "1-0"]
[Round "06"]
[TimeControl "180+2"]
[Date "2023.01.17"]
[WhiteClock "0:00:59"]
[BlackClock "0:00:01"]

1. d4 d6 2. c4 g6 3. Nc3 Bg7 4. e4 Nc6 5. Nf3 Bg4 6. d5 Nd4 7. Be2 Nxe2 8. Qxe2 e5 9. O-O Nf6 10. h3 Bd7 11. Be3 Nh5 12. c5 O-O 13. b4 Nf4 14. Qd2 f5 15. Kh2 fxe4 16. Nxe4 Nxh3 17. Nfg5 Nf4 18. cxd6 cxd6 19. g3 h6 20. gxf4 hxg5 21. fxg5 Bg4 22. Rac1 Bf3 23. Ng3 e4 24. Bd4 Rf7 25. Bxg7 Rxg7 26. Qf4 Qd7 27. Rh1 Rh7+ 28. Kg1 Rxh1+ 29. Nxh1 Qh3 30. Qh2 Qg4+ 31. Qg3 Qh5 32. Kf1 Qxh1+ 33. Qg1 Bg2+ 34. Ke2 Bf3+ 35. Ke3 Qh4 36. Qf1 Qxg5+ 37. Kd4 Qe5+ 38. Kc4 Rc8+ 39. Kb3 Rxc1 40. Qxc1 Qxd5+ 41. Ka3 Qc6 42. Qg5 Qa6+ 43. Kb2 Qc6 44. Qxg6+ Kf8 45. Qf6+ Ke8 46. Qe6+ Kd8 47. Qg8+ Kc7 48. Qf7+ Kb6 49. Qb3 Kc7 50. a4 d5 51. Qe3 Qf6+ 52. Kb3 d4 53. Qc1+ Kd7 54. Qc5 Qe6+ 55. Ka3 d3 56. Qd4+ Qd6 57. Qg7+ Ke6 58. Qc3 Kf5 59. Qg7 d2 60. Qf7+ 1-0


[Site "https://www.chess.com"]

[Event "Titled Tuesday Blitz January 17 Late 2023"]
[White "Torres Dominguez, David"]
[Black "Smith, Garrett L"]
[WhiteFideId "2220857"]
[BlackFideId "2024829"]
[WhiteElo "1994"]
[BlackElo "2047"]
[Result "1-0"]
[Round "06"]
[TimeControl "180+2"]
[Date "2023.01.17"]
[WhiteClock "0:00:42"]
[BlackClock "0:01:40"]

1. e4 c5 2. Nc3 Nc6 3. f4 e6 4. Nf3 Nge7 5. d3 d5 6. Be2 d4 7. Nb1 g6 8. O-O Bg7 9. Qe1 O-O 10. Qh4 f5 11. Na3 Bd7 12. Nc4 Nc8 13. Qh3 e5 14. Nfxe5 Nxe5 15. Nxe5 Bxe5 16. fxe5 fxe4 17. Rxf8+ Kxf8 18. Qxh7 e3 19. Bxe3 dxe3 20. Qh8+ Ke7 21. Qf6+ Ke8 22. Qxg6+ Ke7 23. Qf6+ Ke8 24. Bh5# 1-0


[Site "https://www.chess.com"]

[Event "Titled Tuesday Blitz January 17 Late 2023"]
[White "Kovacs, Klara"]
[Black "Curtis, John"]
[WhiteFideId "733210"]
[BlackFideId "3200256"]
[WhiteElo "2121"]
[BlackElo "2292"]
[Result "1-0"]
[Round "06"]
[TimeControl "180+2"]
[Date "2023.01.17"]
[WhiteClock "0:00:38"]
[BlackClock "0:00:02"]

1. d4 Nf6 2. Nf3 d5 3. g3 e6 4. Bg2 Be7 5. O-O O-O 6. c4 c6 7. Qc2 Nbd7 8. Rd1 Ne4 9. Ne5 Nxe5 10. dxe5 Qc7 11. Bxe4 dxe4 12. Qxe4 b6 13. Nc3 Bb7 14. f3 Bb4 15. Bd2 Bxc3 16. Bxc3 c5 17. Qf4 a6 18. Kf2 b5 19. b3 b4 20. Bd2 a5 21. h4 a4 22. h5 h6 23. Qg4 Kh7 24. Bf4 Rfd8 25. Qh4 axb3 26. axb3 Rxa1 27. Rxa1 Rd4 28. Qh1 Qd7 29. Qc1 Qe7 30. Be3 Rd7 31. Ra5 Rc7 32. Qd2 Qf8 33. Qd6 Qc8 34. Rxc5 Rc6 35. Rxc6 Bxc6 36. Qxb4 Qa8 37. Qd6 Be8 38. b4 Qa1 39. b5 Qh1 40. Qe7 Bxb5 41. cxb5 Qxh5 42. Kg2 Qxe5 43. Qc5 1-0


[Site "https://www.chess.com"]

[Event "Titled Tuesday Blitz January 17 Late 2023"]
[White "Souza, Gustavo Horokoski De"]
[Black "Szente Varga, Fruzsina"]
[WhiteFideId "2146584"]
[BlackFideId "712264"]
[WhiteElo "1943"]
[BlackElo "2075"]
[Result "0-1"]
[Round "06"]
[TimeControl "180+2"]
[Date "2023.01.17"]
[WhiteClock "0:00:03"]
[BlackClock "0:01:13"]

1. d4 Nf6 2. c4 g6 3. Nc3 Bg7 4. e4 d6 5. Be2 O-O 6. Bg5 h6 7. Be3 e5 8. d5 Nbd7 9. f3 a5 10. Nh3 Nc5 11. Nf2 a4 12. Bxc5 dxc5 13. Nxa4 Qe7 14. O-O Ne8 15. Nd3 b6 16. Nc3 Nd6 17. Nf2 f5 18. a3 f4 19. b4 Nb7 20. Qb3 Kh7 21. Nd3 g5 22. Kh1 h5 23. bxc5 Nxc5 24. Nxc5 Qxc5 25. Qb4 Qe3 26. Rfe1 g4 27. Nb5 Rf7 28. d6 Qf2 29. Nxc7 Rb8 30. Ne8 Qh4 31. Nxg7 g3 32. h3 Bxh3 33. Kg1 Bxg2 0-1


[Site "https://www.chess.com"]

[Event "Titled Tuesday Blitz January 17 Late 2023"]
[White "rikchessmx"]
[Black "Adithya A Chullikkad"]
[BlackFideId "45078734"]
[WhiteElo "2289"]
[BlackElo "2259"]
[Result "0-1"]
[Round "06"]
[TimeControl "180+2"]
[Date "2023.01.17"]
[WhiteClock "0:00:15"]
[BlackClock "0:00:05"]

1. e4 c5 2. Nf3 d6 3. d4 c4 4. Bxc4 e6 5. Bb3 Be7 6. c4 Nf6 7. Qe2 O-O 8. Nc3 Nc6 9. Be3 a5 10. O-O a4 11. Bxa4 Nxe4 12. Bxc6 Nxc3 13. bxc3 bxc6 14. Nd2 Ba6 15. Qg4 Qa5 16. Bh6 Bf6 17. Ne4 Qd8 18. Nd2 Kh8 19. Be3 Qa5 20. f4 Qxc3 21. Qf3 Bxd4 22. Bxd4 Qxd4+ 23. Qf2 Qxf2+ 24. Rxf2 Rfb8 25. Ne4 d5 26. cxd5 cxd5 27. Ng5 Kg8 28. f5 h6 29. Nh3 e5 30. f6 g6 31. Rd2 Bc4 32. a4 e4 33. Kf2 Rb3 34. Rc2 e3+ 35. Kf3 Bd3 36. Rc7 Be4+ 37. Ke2 d4 38. Nf4 Rb2+ 39. Ke1 g5 40. Re7 gxf4 41. Rxe4 d3 42. Rxf4 Rxg2 43. Rf1 Rc8 44. a5 Rgc2 45. Rg1+ Kh8 46. Kf1 Rc1+ 47. Kg2 R8c2+ 48. Kf3 Rxg1 49. Rxg1 e2 50. Ke3 Ra2 51. Kxd3 Rxa5 52. Kxe2 Rf5 53. Ke3 Rxf6 54. Ke4 Kh7 55. Rg2 Rg6 56. Rf2 Kg7 57. Ke5 h5 58. Rf5 f6+ 59. Ke6 Rg2 60. Rxh5 Kg6 61. Rh8 Re2+ 62. Kd5 Rd2+ 63. Ke4 Re2+ 64. Kf3 Kg7 65. Rh3 Re5 66. Kf4 Kf7 67. Rg3 Ke6 68. h4 Rf5+ 69. Ke4 Re5+ 70. Kf3 Rf5+ 71. Kg4 Rc5 72. Re3+ Re5 73. Ra3 Re4+ 74. Kh5 Re5+ 75. Kg6 Re1 76. Ra6+ Ke5 77. Ra8 Rg1+ 78. Kf7 f5 79. h5 f4 80. h6 f3 81. Rg8 f2 82. h7 f1=Q+ 83. Ke7 Qf6+ 84. Kd7 Rd1+ 85. Kc7 Qe7+ 86. Kc6 Rc1+ 87. Kb5 Qb7+ 88. Ka5 Ra1# 0-1


[Site "https://www.chess.com"]

[Event "Titled Tuesday Blitz January 17 Late 2023"]
[White "Coe, William"]
[Black "Coelho, Ramyres Santana"]
[WhiteFideId "30913624"]
[BlackFideId "2120690"]
[WhiteElo "2078"]
[BlackElo "1981"]
[Result "0-1"]
[Round "06"]
[TimeControl "180+2"]
[Date "2023.01.17"]
[WhiteClock "0:01:31"]
[BlackClock "0:02:29"]

1. e4 c5 2. Nf3 d6 3. d4 cxd4 4. Nxd4 Nf6 5. Nc3 a6 6. h3 e6 7. g4 Be7 8. g5 Nfd7 9. h4 O-O 10. Bg2 Nc6 11. Be3 Nxd4 12. Bxd4 e5 13. Be3 Nb6 14. O-O Be6 15. f4 exf4 16. Rxf4 Nc4 17. Bc1 Qb6+ 18. Kh1 Ne3 19. Bxe3 Qxe3 20. Qf3 Qxf3 21. Rxf3 Rac8 22. Rd3 Rfd8 23. Rad1 Bc4 24. Rd4 b5 25. R1d2 b4 26. Nd5 Bxd5 27. Rxd5 Rc5 28. e5 Rxd5 29. Rxd5 dxe5 30. Rxe5 Rd1+ 31. Kh2 Bd6 0-1


[Site "https://www.chess.com"]

[Event "Titled Tuesday Blitz January 17 Late 2023"]
[White "Desideri, Ricardo Maruchi"]
[Black "Herbst, Richard"]
[WhiteFideId "2110440"]
[BlackFideId "2041251"]
[WhiteElo "1959"]
[BlackElo "2120"]
[Result "1-0"]
[Round "06"]
[TimeControl "180+2"]
[Date "2023.01.17"]
[WhiteClock "0:00:28"]
[BlackClock "0:01:22"]

1. e4 Nf6 2. e5 Nd5 3. d4 d6 4. c4 Nb6 5. f4 g6 6. Nc3 Bg7 7. Be3 O-O 8. Be2 Be6 9. b3 c5 10. d5 Bc8 11. Nf3 N6d7 12. O-O dxe5 13. fxe5 Nxe5 14. Nxe5 Bxe5 15. Qd2 b6 16. Rae1 Nd7 17. Bh6 Bg7 18. Ne4 Bb7 19. Rf3 f5 20. Bxg7 Kxg7 21. Rh3 Rh8 22. Qh6+ Kg8 23. Ng5 Nf8 24. Bf3 Qd6 25. Ne6 Nxe6 26. Rxe6 Qd8 27. Rxg6+ hxg6 28. Qxg6+ Kf8 29. Rxh8# 1-0


[Site "https://www.chess.com"]

[Event "Titled Tuesday Blitz January 17 Late 2023"]
[White "Ovezdurdyyeva, Jemal"]
[Black "Stead, Kerry"]
[WhiteFideId "14001888"]
[BlackFideId "3202577"]
[WhiteElo "2078"]
[BlackElo "1908"]
[Result "1-0"]
[Round "06"]
[TimeControl "180+2"]
[Date "2023.01.17"]
[WhiteClock "0:01:23"]
[BlackClock "0:01:12"]

1. e4 e5 2. Nf3 Nc6 3. Bc4 Nf6 4. d3 d5 5. exd5 Nxd5 6. h3 Be6 7. O-O Bc5 8. Qe2 O-O 9. Nxe5 Nd4 10. Qd1 Qf6 11. Nf3 Nxf3+ 12. Qxf3 Qxf3 13. gxf3 Rad8 14. Kg2 Bd6 15. Bxd5 Bxd5 16. Nc3 Bc6 17. Ne4 Be7 18. Bd2 f5 19. Nc3 Rf6 20. Bf4 Rg6+ 21. Kh2 Bxf3 22. Rg1 Bd6 23. Bxd6 Rdxd6 24. Nb5 Rxg1 25. Rxg1 Rc6 26. Nd4 Bd5 27. Nxc6 Bxc6 28. Re1 Kf7 29. Kg3 g5 30. Re5 Kf6 31. Rc5 h5 32. d4 h4+ 33. Kh2 Be4 34. Rxc7 a6 35. c4 g4 36. d5 Kg5 37. d6 Kf4 38. d7 g3+ 39. fxg3+ hxg3+ 40. Kg1 Ke3 41. d8=Q f4 42. Qg5 Kf3 43. Rf7 1-0


[Site "https://www.chess.com"]

[Event "Titled Tuesday Blitz January 17 Late 2023"]
[White "Marcolino, Daniel Mattos"]
[Black "Vargas, Mauricio"]
[WhiteFideId "2106841"]
[BlackFideId "4404572"]
[WhiteElo "2006"]
[BlackElo "2035"]
[Result "0-1"]
[Round "06"]
[TimeControl "180+2"]
[Date "2023.01.17"]
[WhiteClock "0:00:12"]
[BlackClock "0:00:09"]

1. d4 d5 2. Nf3 Nf6 3. g3 g6 4. Bg2 Bg7 5. O-O b6 6. c4 Bb7 7. Nc3 O-O 8. Ne5 c6 9. Qb3 dxc4 10. Qxc4 e6 11. Rd1 Nd5 12. e4 b5 13. Qb3 Nf6 14. Bg5 h6 15. Bf4 g5 16. Be3 a5 17. a4 b4 18. Ne2 Qc7 19. Rac1 Qe7 20. Nc4 Rc8 21. e5 Nd5 22. Nd6 Rc7 23. f4 Ba6 24. Bf3 Nd7 25. fxg5 hxg5 26. Bxd5 exd5 27. Kg2 Bxe2 28. Re1 Bc4 29. Qc2 b3 30. Qf2 c5 31. Nxc4 dxc4 32. Rxc4 Nb6 33. Rxc5 Rxc5 34. dxc5 Nd5 35. c6 Nxe3+ 36. Qxe3 Rc8 37. Qb6 Qc7 38. Qxc7 Rxc7 39. Rc1 Bxe5 40. Kf3 Bxb2 41. Rc5 Ba3 42. Rb5 b2 43. Rb6 Bb4 44. Rb8+ Kg7 45. Rb7 Rxc6 0-1


[Site "https://www.chess.com"]

[Event "Titled Tuesday Blitz January 17 Late 2023"]
[White "Stanisz, Patryk"]
[Black "Bouget, Alexandre"]
[WhiteFideId "1123106"]
[BlackFideId "681318"]
[WhiteElo "2161"]
[BlackElo "2267"]
[Result "0-1"]
[Round "06"]
[TimeControl "180+2"]
[Date "2023.01.17"]
[WhiteClock "0:00:01"]
[BlackClock "0:00:11"]

1. e4 e6 2. d4 d5 3. Nd2 Nf6 4. e5 Nfd7 5. Bd3 c5 6. c3 Nc6 7. Ne2 cxd4 8. cxd4 f6 9. exf6 Nxf6 10. O-O Bd6 11. Nf3 Qc7 12. Bg5 O-O 13. Bh4 Nh5 14. Nc3 a6 15. Ng5 g6 16. Bg3 Nxg3 17. fxg3 Rxf1+ 18. Qxf1 Nxd4 19. Rd1 Qe7 20. h4 Bd7 21. Qe1 Rf8 22. Kh2 b5 23. Bxg6 hxg6 24. Rxd4 b4 25. Ne2 Bc5 26. Rd1 Kg7 27. Nf4 e5 28. Nxd5 Qxg5 29. Rc1 Bd4 30. Rc7 Qd8 31. Qxb4 Rf7 32. Qb7 Be6 33. Rxf7+ Bxf7 34. Nc7 Qe7 35. Qc6 e4 36. Nxa6 e3 0-1


[Site "https://www.chess.com"]

[Event "Titled Tuesday Blitz January 17 Late 2023"]
[White "Thiel, Thomas"]
[Black "marik_spb"]
[WhiteFideId "4615964"]
[WhiteElo "2234"]
[BlackElo "2408"]
[Result "1-0"]
[Round "06"]
[TimeControl "180+2"]
[Date "2023.01.17"]
[WhiteClock "0:01:40"]
[BlackClock "0:00:02"]

1. e4 c6 2. d4 d5 3. exd5 cxd5 4. c4 Nf6 5. Nc3 e6 6. Nf3 Bb4 7. cxd5 Nxd5 8. Qc2 Nc6 9. a3 Ba5 10. Bd3 Nxc3 11. bxc3 Nxd4 12. Nxd4 Qxd4 13. Bb5+ Bd7 14. O-O Qxc3 15. Qb1 Rd8 16. Bb2 Qb3 17. Bxg7 Qxb1 18. Rfxb1 Rg8 19. Bf6 Rb8 20. Be5 Rd8 21. Bf6 Bxb5 22. Bxd8 Bxd8 23. Rxb5 b6 24. a4 Rg4 25. a5 bxa5 26. Rb7 Bb6 27. Rc1 Kf8 28. g3 Rg5 29. Kg2 a4 30. Ra1 Ra5 31. Ra2 a3 32. f4 Ke8 33. Kf3 Ra4 34. Ke2 Re4+ 35. Kf3 Re3+ 36. Kg2 Rb3 37. Kh3 Kf8 38. Kg4 Ke8 39. h4 h6 40. h5 Kf8 41. Kh3 Kg7 42. Kg4 Kf6 43. Kh4 a5 44. Kg4 a4 45. Kh4 Bf2 46. Rxb3 axb3 47. Rxa3 b2 48. Rb3 Bd4 49. Kg4 Bc3 50. Kf3 1-0


[Site "https://www.chess.com"]

[Event "Titled Tuesday Blitz January 17 Late 2023"]
[White "Weisz, Bryan"]
[Black "Sabar, Ethmane Daouda"]
[WhiteFideId "30934133"]
[BlackFideId "19600097"]
[WhiteElo "1973"]
[BlackElo "2040"]
[Result "0-1"]
[Round "06"]
[TimeControl "180+2"]
[Date "2023.01.17"]
[WhiteClock "0:00:05"]
[BlackClock "0:00:01"]

1. e4 e5 2. Nf3 Nc6 3. Bc4 Nf6 4. Ng5 d5 5. exd5 b5 6. Bf1 Nxd5 7. Bxb5 Bd7 8. Ne4 f5 9. Nec3 Nf4 10. Qf3 Nd4 11. Bxd7+ Kxd7 12. Qd1 Nxg2+ 13. Kf1 Nf4 14. d3 Qh4 15. Bxf4 Qh3+ 16. Ke1 Nf3+ 17. Ke2 exf4 18. d4 Re8+ 19. Kd3 Bb4 20. Kc4 Rb8 21. Nd2 Ng5 22. Nd5 Bd6 23. Rg1 h6 24. Qe2 Rhe8 25. Qd3 f3 26. Rae1 Rxe1 27. Rxe1 Qg4 28. Re3 Ne4 29. Nxe4 fxe4 30. Qxe4 Qxe4 31. Rxe4 Rxb2 32. Re3 Rxc2+ 33. Rc3 Rxf2 34. Ra3 Rxh2 35. Rxa7 f2 36. Nb6+ Kc6 37. d5+ Kxb6 38. Ra8 f1=Q+ 39. Kb3 Qb1+ 40. Ka4 Rxa2# 0-1


[Site "https://www.chess.com"]